 Dungeon Crawl Stone Soup version 0.27.1-4-g1640c2035a (webtiles) character file.

Game seed: 8405613986141097465

13878 FreshCat the Grappler (level 11, -4/157 HPs)
             Began as a Troll Berserker on Nov 16, 2021.
             Was a High Priest of Trog.
             Slain by a two-headed ogre (24 damage)
             ... on level 10 of the Dungeon.
             The game lasted 00:38:47 (8227 turns).

FreshCat the Grappler (Troll Berserker)             Turns: 8227, Time: 00:38:47

Health: -4/157     AC: 11    Str: 27    XL:     11   Next: 81%
Magic:  10/10      EV: 11    Int:  8    God:    Trog [*****.]
Gold:   310        SH:  5    Dex: 10    Spells: 10/10 levels left

rFire    + . .     SeeInvis .     - Unarmed
rCold    . . .     Faith    .   (no shield)
rNeg     . . .     Spirit   .   z - +0 swamp dragon scales
rPois    +         Reflect  +   f - +0 hat "Puarap" {rElec Int+3}
rElec    +         Harm     .   t - +1 cloak
rCorr    .         Rampage  .   (gloves unavailable)
Will     .....                  (boots unavailable)
Stlth    ..........             D - amulet of reflection
HPRegen  1.36/turn              j - ring of protection from fire
MPRegen  0.12/turn              (no ring)

@: berserking, very quick
A: large, unfitting armour, claws 3, regeneration 1, shaggy fur 1, tough skin 1
a: Renounce Religion, Berserk, Trog's Hand, Brothers in Arms


You were on level 10 of the Dungeon.
You worshipped Trog.
Trog was extremely pleased with you.
You visited 1 branch of the dungeon, and saw 11 of its levels.

You collected 970 gold pieces.
You spent 660 gold pieces at shops.

Inventory:

Hand Weapons
 R - a +0 giant spiked club
 S - the +5 battleaxe of Armageddon {venom, *Slow +Rage Dex+3}
   (You found it on level 4 of the Dungeon)

   It poisons the flesh of those it strikes.
   Dex:       It affects your dexterity (+3).
   +Rage:     It lets you go berserk.
   *Slow:     It may slow you when you take damage.
Missiles
 d - 466 stones
 u - 55 poisoned darts
 y - 4 boomerangs (quivered)
Armour
 a - +0 acid dragon scales
 f - the +0 hat "Puarap" (worn) {rElec Int+3}
   (You acquired it on level 2 of the Dungeon)

   Int:       It affects your intelligence (+3).
   rElec:     It insulates you from electricity.
 t - a +1 cloak (worn)
 z - +0 swamp dragon scales (worn)
Jewellery
 j - a ring of protection from fire (left claw)
 D - an amulet of reflection (around neck)
 H - an amulet of faith
 L - a +6 ring of intelligence
Wands
 h - a wand of flame (14)
 w - a wand of acid (24)
 A - a wand of mindburst (11)
 E - a wand of iceblast (45)
 G - a wand of paralysis (5)
Scrolls
 k - 2 scrolls of blinking
 l - 3 scrolls of fear
 q - 4 scrolls of enchant armour
 v - a scroll of holy word {unknown}
 B - 6 scrolls of teleportation
 C - 2 scrolls of brand weapon {unknown}
 F - 2 scrolls of amnesia
 J - 2 scrolls of immolation {unknown}
 K - a scroll of enchant weapon {unknown}
 M - 2 scrolls of summoning
 O - a scroll of vulnerability {unknown}
 P - a scroll of magic mapping
 Q - a scroll of fog {unknown}
Potions
 b - 4 potions of brilliance
 c - 4 potions of heal wounds
 e - 3 potions of cancellation
 g - 4 potions of curing
 i - a potion of magic {unknown}
 m - a potion of invisibility {unknown}
 n - a potion of mutation {unknown}
 o - 2 potions of haste
 p - 3 potions of flight
 r - 3 potions of berserk rage
 s - 2 potions of lignification {unknown}
 x - 2 potions of attraction
 I - 3 potions of might
 N - a potion of resistance {unknown}


   Skills:
 + Level 5.8 Fighting
 + Level 2.2 Armour
 + Level 7.3 Dodging
 + Level 3.0 Shields
 + Level 14.9 Unarmed Combat
 + Level 1.1 Evocations


You had 10 spell levels left.
You didn't know any spells.
Your spell library was empty.

Dungeon Overview and Level Annotations

Branches:
Dungeon (11/15)            Temple (0/1) D:5            Lair (0/6) D:10
    Orc: D:9-12

Altars:
Ashenzari
Dithmenos
Elyvilon
Fedhas
Kikubaaqudgha
Makhleb
Sif Muna
Trog
Uskayaw
Vehumet
Yredelemnul
Zin
The Shining One

Shops:
D:8 =   D:11 **

Annotations:
D:3 Grinder
D:4 exclusion: upstairs
D:5 2 transporters, Menkaure
D:11 exclusion: hydra


Innate Abilities, Weirdness & Mutations

You are too large for most types of armour.
You have claws for hands.
Your natural rate of healing is unusually fast.
You are covered in fur. (AC +1)
You have tough skin. (AC +1)


Message History

Press: ? - help, Q - select action, (/) - cycle Shift-Dir - straight line, f/p - orc
Aim: an orc, wielding a +0 hand axe (severely wounded, 57% to hit)
You throw a boomerang.
The boomerang completely misses the orc.
The boomerang hits the orc warrior!
The orc warrior is moderately wounded.
You claw the orc warrior!
The orc warrior is heavily wounded.
The orc warrior hits you with a +1 vorpal glaive.
The orc hits you but does no damage.
You claw the orc warrior!
The orc warrior is almost dead.
You mangle the two-headed ogre!!
The two-headed ogre is heavily wounded.
The orc warrior closely misses you.
You scratch the two-headed ogre but do no damage.
The two-headed ogre is heavily wounded.
The orc barely misses you.
You eviscerate the orc!!!
You kill the orc!
Trog accepts your kill.
The two-headed ogre hits you with a +0 giant spiked club!!
The two-headed ogre hits you with a +0 giant club!!
The orc warrior barely misses you. The orc misses you.
You are too injured to fight recklessly!
The orc hits you but does no damage.
There is a stone staircase leading up here.
The two-headed ogre hits you with a +0 giant spiked club!
The two-headed ogre hits you with a +0 giant club!!
* * * LOW HITPOINT WARNING * * *
The orc hits you with a +0 club.
* * * LOW HITPOINT WARNING * * *
You climb upwards.
There is a stone staircase leading down here.
A red film seems to cover your vision as you go berserk!
You feel yourself moving faster!
You feel mighty! The orc hits you with a +0 club.
* * * LOW HITPOINT WARNING * * *
The two-headed ogre hits you with a +0 giant spiked club!!
You die...

.# #.........##.###.# #.#
.#######.##.....##.#.#.####.#
.......#.#.<................#
.......#.###...........######
.......#...............#
.............###....).##
.##..........# #......#
###..........###O.....#
...............o@######
.##..........#####
.............# [.##.#########
..##.# #################
..##.# #..<............#
.###.# #........(.....[#
.###.# #............?..#
.....# #####...........#


You could see a two-headed ogre and an orc.

Vanquished Creatures
  3 two-headed ogres
  7 death yaks (D:10)
  Pikel (D:8)
  Maggie (D:10)
  Sigmund (D:3)
  21 yaks
  A vampire (D:10)
  3 vampire mosquitoes (D:10)
  A steam dragon (D:9)
  An acid dragon (D:10)
  An orc warrior (D:9)
  A necrophage (D:8)
  2 black bears
  3 ogres
  4 lemures (D:8)
  A centaur (D:5)
  2 bullfrogs
  3 gnoll sergeants
  10 killer bees
  A howler monkey (D:6)
  3 centaur zombies
  A jelly (D:4)
  3 hounds
  2 orc priests (D:8)
  5 orc wizards
  2 iguanas
  Natasha (thrice) (D:3)
  A hound skeleton (D:5)
  A howler monkey skeleton (D:7)
  13 gnolls
  5 adders
  3 white imps
  3 worms
  4 dart slugs
  22 orcs
  8 ball pythons
  10 endoplasms
  3 giant cockroaches
  13 goblins
  9 hobgoblins
  4 jackals
  4 quokkas
  7 bats
  7 frilled lizards
  A goblin skeleton (D:8)
  A goblin zombie (D:8)
  3 hobgoblin zombies (D:8)
  9 kobolds
  An orc zombie (D:8)
  9 rats
228 creatures vanquished.

Notes
Turn   | Place    | Note
-------+----------+-------------------------------------------
     0 | D:1      | FreshCat the Troll Berserker began the quest for the Orb.
     0 | D:1      | Reached XP level 1. HP: 22/22 MP: 0/0
    95 | D:1      | Reached XP level 2. HP: 28/29 MP: 1/1
   233 | D:1      | Found a faded altar of an unknown god.
   562 | D:1      | Reached XP level 3. HP: 36/36 MP: 2/2
   596 | D:1      | Reached ** piety under Trog
  1515 | D:2      | Reached skill level 4 in Unarmed Combat
  1518 | D:2      | Reached XP level 4. HP: 40/44 MP: 3/3
  1759 | D:2      | Reached *** piety under Trog
  1928 | D:2      | Identified a scroll of acquirement
  1928 | D:2      | Acquired the +0 hat "Puarap" {rElec Int+3}
  2046 | D:3      | Noticed Natasha
  2047 | D:3      | Noticed Sigmund
  2090 | D:3      | Killed Sigmund
  2091 | D:3      | Reached skill level 5 in Unarmed Combat
  2091 | D:3      | Reached XP level 5. HP: 23/53 MP: 4/4
  2091 | D:3      | Reached XP level 6. HP: 27/61 MP: 5/5
  2287 | D:3      | Killed Natasha
  2292 | D:3      | Noticed Natasha
  2296 | D:3      | Killed Natasha
  2460 | D:3      | Noticed Grinder
  2487 | D:4      | Reached skill level 6 in Unarmed Combat
  2604 | D:5      | Entered Level 5 of the Dungeon
  2966 | D:4      | Found a bloodstained altar of Trog.
  3008 | D:4      | Identified the +5 battleaxe of Armageddon {venom, *Slow
                  | +Rage Dex+3}
  3055 | D:4      | Found a burning altar of Makhleb.
  3163 | D:4      | Found a shadowy altar of Dithmenos.
  3227 | D:4      | Found a shimmering blue altar of Sif Muna.
  3450 | D:3      | Noticed Natasha
  3453 | D:3      | Killed Natasha
  3454 | D:3      | Reached XP level 7. HP: 66/67 MP: 6/6
  3646 | D:5      | Reached skill level 7 in Unarmed Combat
  3663 | D:5      | Found a staircase to the Ecumenical Temple.
  3844 | D:5      | Found a transporter.
  3858 | D:5      | Found a transporter.
  3927 | D:5      | Reached **** piety under Trog
  4146 | D:5      | Found a basalt altar of Yredelemnul.
  4150 | D:5      | Noticed Menkaure
  4156 | D:5      | Found an ancient bone altar of Kikubaaqudgha.
  4202 | D:6      | Reached skill level 8 in Unarmed Combat
  4441 | D:6      | Reached XP level 8. HP: 69/78 MP: 7/7
  4739 | D:6      | Found a glowing silver altar of Zin.
  5046 | D:7      | Reached skill level 9 in Unarmed Combat
  5208 | D:8      | Found a glowing golden altar of the Shining One.
  5263 | D:8      | Reached skill level 5 in Dodging
  5356 | D:8      | Found Qeqoju's Jewellery Shoppe.
  5356 | D:8      | Noticed Pikel
  5364 | D:8      | Killed Pikel
  5365 | D:8      | Reached skill level 10 in Unarmed Combat
  5365 | D:8      | Reached XP level 9. HP: 67/85 MP: 8/8
  5385 | D:8      | Bought an amulet of reflection for 360 gold pieces
  5565 | D:7      | Found a radiant altar of Vehumet.
  5632 | D:8      | Reached ***** piety under Trog
  5699 | D:8      | Reached skill level 11 in Unarmed Combat
  5851 | D:8      | Found a white marble altar of Elyvilon.
  5971 | D:8      | Reached XP level 10. HP: 87/94 MP: 9/9
  6124 | D:10     | Entered Level 10 of the Dungeon
  6164 | D:9      | Reached skill level 5 in Fighting
  6166 | D:9      | Reached skill level 1 in Shields
  6166 | D:9      | Reached skill level 12 in Unarmed Combat
  6211 | D:9      | Found a broken altar of Ashenzari.
  6351 | D:9      | Found a hide-covered altar of Uskayaw.
  6352 | D:9      | Noticed a two-headed ogre
  6361 | D:9      | Killed a two-headed ogre
  6764 | D:10     | Noticed Maggie
  6766 | D:10     | Noticed a two-headed ogre
  6771 | D:10     | Killed Maggie
  6774 | D:10     | Killed a two-headed ogre
  6775 | D:10     | Reached skill level 13 in Unarmed Combat
  6830 | D:10     | Noticed a two-headed ogre
  6837 | D:10     | Killed a two-headed ogre
  6866 | D:11     | Found Junein's Assorted Antiques.
  6917 | D:10     | Noticed a death yak
  6920 | D:10     | Noticed a death yak
  6927 | D:10     | Killed a death yak
  6928 | D:10     | Reached XP level 11. HP: 91/104 MP: 10/10
  6933 | D:10     | Noticed a death yak
  6934 | D:10     | Noticed a death yak
  6938 | D:10     | Killed a death yak
  6939 | D:10     | Noticed a death yak
  6941 | D:10     | Noticed a death yak
  6943 | D:10     | Noticed a death yak
  6948 | D:10     | Killed a death yak
  6953 | D:10     | Killed a death yak
  6954 | D:10     | Reached skill level 14 in Unarmed Combat
  6959 | D:10     | Killed a death yak
  6960 | D:10     | Reached skill level 1 in Armour
  6965 | D:10     | Killed a death yak
  6972 | D:10     | Killed a death yak
  7009 | D:10     | Reached skill level 1 in Evocations
  7049 | D:10     | Found a staircase to the Lair.
  7509 | D:10     | Found a blossoming altar of Fedhas.
  7819 | D:11     | Found Aruik's Assorted Antiques.
  7832 | D:11     | Bought a scroll of teleportation for 90 gold pieces
  7832 | D:11     | Bought a scroll of teleportation for 90 gold pieces
  7832 | D:11     | Bought a potion of might for 120 gold pieces
  7833 | D:11     | Noticed a five-headed hydra
  8210 | D:11     | Noticed a two-headed ogre
  8227 | D:10     | Slain by a two-headed ogre

Illustrated notes

Levels and vault maps discovered:
D:1:      wheals_arrival_linesprint, layout_loops_cross,
          shapermc_ecumenical_altar_mp_highgroup,
          chequers_serial_rivers_small_b, minmay_misc_feat_ornament
D:2:      minmay_razor_zed, layout_basic, minmay_fractal_squares_gapless_5
D:3:      layout_basic, ebering_dispersal_statue_hall, uniq_sigmund,
          uniq_grinder, uniq_terence, uniq_natasha
D:4:      layout_loops_ring, mainiacjoe_overflow_surrounded_room,
          grunt_dithmenos_smoke, led_sif_pool, lemuel_coloured_pillars_altar
D:5:      layout_loops_ring, gammafunk_temple_of_torment,
          minmay_temple_entry_grid, chequers_mini_garden,
          kennysheep_generic_room_11
D:6:      layout_rooms, kennysheep_mini_moat
D:7:      layout_cave_pools, general_overflow_altar
D:8:      layout_rooms, nicolae_tso_besieged_by_evil, elyvilon_altar_1,
          enter_bailey_3, minmay_shop_enchanted_jewellery,
          small_statue_intersection, uniq_pikel
D:9:      layout_small_grid, nicolae_uskayaw_dance_hall, ashenzari_altar_1,
          chequers_serial_rivers_micro_d
D:10:     layout_basic, mainiacjoe_overflow_concentric_impassable,
          dpeg_lair_monsters, minmay_misc_feat_hallway, serial_bayou_pond_e,
          uniq_maggie
D:11:     layout_basic, serial_shops, nicolae_diamond_shop,
          nicolae_shop_window_shopping, shop, nicolae_trove_entry_diagonal,
          guppyfry_shop_earth

Skill      XL: |  1  2  3  4  5  6  7  8  9 10 11 |
---------------+----------------------------------+-----
Unarmed Combat | 4 5 6 8 10 11 13 14 | 14.9
Dodging        | 3 4 5 6 7 |  7.3
Fighting       | 3 4 5 |  5.8
Shields        | 2 3 |  3.0
Armour         | 2 |  2.2
Evocations     | 1 |  1.1

Action                   |  1- 3 |  4- 6 |  7- 9 | 10-12 || total
-------------------------+-------+-------+-------+-------++-------
Melee: Unarmed           |   116 |   114 |   226 |   188 ||   644
       Punch             |     1 |     3 |    13 |    15 ||    32
Throw: Stone             |    12 |    41 |    11 |    13 ||    77
       Boomerang         |       |       |       |    10 ||    10
Invok: Berserk           |       |     3 |     6 |     6 ||    15
       Trog's Hand       |       |     1 |     1 |       ||     2
Evoke: Wand              |       |       |       |     6 ||     6
  Use: Scroll            |       |     5 |     7 |     5 ||    17
       Potion            |       |     2 |       |       ||     2
Armor: Animal skin       |    36 |    23 |    51 |     6 ||   116
       Swamp dragon scal |       |       |       |    36 ||    36
Dodge: Dodged            |    44 |    52 |   107 |    70 ||   273
Block: Other             |       |       |     9 |    28 ||    37
